 Dungeon Crawl Stone Soup version 0.31-a0-960-g0fca184906 (webtiles) character file.

Game seed: 1044672589758780191

1597045 lessens the Hand of Fortune (level 27, 36/201 HPs)
             Began as a Gnoll Fighter on Oct 23, 2023.
             Was the Champion of Nemelex Xobeh.
             Escaped with the Orb
             ... and 3 runes on Oct 24, 2023!
             The game lasted 02:09:44 (79441 turns).

lessens the Hand of Fortune (Gnoll Fighter)        Turns: 79441, Time: 02:09:44

Health: 36/201     AC: 47    Str: 35    XL:     27
Magic:  50/50      EV: 19    Int:  2    God:    Nemelex Xobeh [******]
Gold:   4312       SH: 12    Dex: 20    Spells: 54/64 levels left

rFire   + + .        b - +9 broad axe (spect)
rCold   + + .        C - +2 buckler of the Thunderstorm {rElec Int-2 Slay+4}
rNeg    . . .        Z - +9 scales of the Dragon King {rPois rF+ rC+ Will+}
rPois   +            I - +2 helmet
rElec   +            O - +2 cloak "Ymae" {rPois Str+4 Stlth+}
rCorr   .            q - +2 pair of gloves of Plasticity {Str+5}
SInv    .            F - +2 pair of boots "Toegyel" {rElec Will+ Str+3 Int+2}
Will    ++++.        o - amulet of regeneration
Stlth   +            K - ring "Juixiene" {rElec rF+ rC+ Int-5 Dex+5}
HPRegen 0.53/turn    Q - +4 ring of slaying
MPRegen 0.32/turn

%: no passive effects
@: hasted, studying 2 skills, very quick
A: fangs 1, strong nose, distributed training, clumsy 1, frail 1, high MP 1,
weak 1, evolution 1, MP-powered wands
0: Orb of Zot
}: 3/15 runes: barnacled, slimy, gossamer
a: Renounce Religion, Draw Escape, Draw Destruction, Draw Summoning, Triple
Draw, Deal Four, Stack Five


You escaped.
You worshipped Nemelex Xobeh.
Nemelex Xobeh was exalted by your worship.
You visited 11 branches of the dungeon, and saw 52 of its levels.
You visited 1 bazaar.
You also visited: Sewer, Ice Cave, Volcano and Wizlab.

You collected 7255 gold pieces.
You spent 2943 gold pieces at shops.

Inventory:

Hand Weapons
 a - the +8 war axe of Cataclysm {spect, rElec rCorr SInv}
   (You found it on level 4 of the Dungeon)

   rElec:     It insulates you from electricity.
   SInv:      It lets you see invisible.
   rCorr:     It protects you from acid and corrosion.
 b - a +9 spectral broad axe (weapon)
Missiles
 z - 17 curare-tipped darts (quivered)
Armour
 q - the +2 pair of gloves of Plasticity (worn) {Str+5}
   (You found it on level 4 of the Spider Nest)

   Str+5:     It affects your strength (+5).
 v - a scarf of resistance
 C - the +2 buckler of the Thunderstorm (worn) {rElec Int-2 Slay+4}
   (You found it on level 5 of the Lair of Beasts)

   Int-2:     It affects your intelligence (-2).
   Slay+4:    It affects your accuracy & damage with ranged weapons and melee
   (+4).
   rElec:     It insulates you from electricity.
 F - the +2 pair of boots "Toegyel" (worn) {rElec Will+ Str+3 Int+2}
   (You found it on level 1 of the Realm of Zot)

   Str+3:     It affects your strength (+3).
   Int+2:     It affects your intelligence (+2).
   rElec:     It insulates you from electricity.
   Will+:     It increases your willpower.
 I - a +2 helmet (worn)
 O - the +2 cloak "Ymae" (worn) {rPois Str+4 Stlth+}
   (You found it on level 1 of the Vaults)

   Str+4:     It affects your strength (+4).
   rPois:     It protects you from poison Stlth+: It makes you more stealthy.
 Z - the +9 scales of the Dragon King (worn) {rPois rF+ rC+ Will+}
   (You found it on level 5 of the Pits of Slime)

   rF+:       It protects you from fire.
   rC+:       It protects you from cold.
   rPois:     It protects you from poison Will+: It increases your willpower.
Jewellery
 c - a ring of flight
 e - the ring "Quczuf" {Will+ Int+3}
   (You took it off a merfolk on level 4 of the Shoals)

   [ring of willpower]

   Int+3:     It affects your intelligence (+3).
   Will+:     It increases your willpower.
 o - an amulet of regeneration (around neck)
 J - a ring of protection from fire
 K - the ring "Juixiene" (left hand) {rElec rF+ rC+ Int-5 Dex+5}
   (You found it on level 5 of the Pits of Slime)

   [ring of protection from fire]

   Int-5:     It affects your intelligence (-5).
   Dex+5:     It affects your dexterity (+5).
   rF+:       It protects you from fire.
   rC+:       It protects you from cold.
   rElec:     It insulates you from electricity.
 L - the ring of Wonder {rC+ Str+4 Int+6 Dex-3}
   (You found it on level 5 of the Pits of Slime)

   [ring of intelligence]

   Str+4:     It affects your strength (+4).
   Int+6:     It affects your intelligence (+6).
   Dex-3:     It affects your dexterity (-3).
   rC+:       It protects you from cold.
 N - a ring of magical power
 Q - a +4 ring of slaying (right hand)
 V - the amulet "Kogyxunu" {Reflect -Cast rF+ rC+ rCorr SH+5}
   (You found it on level 3 of the Shoals)

   [amulet of reflection]

   Reflect:   It reflects blocked missile attacks.
   rF+:       It protects you from fire.
   rC+:       It protects you from cold.
   -Cast:     It prevents spellcasting.
   rCorr:     It protects you from acid and corrosion.
   SH+5:      It affects your SH (+5).
Wands
 h - a wand of digging (2)
 k - a wand of charming (39)
 w - a wand of light (48)
 B - a wand of roots (45)
 R - a wand of flame (87)
 X - a wand of mindburst (2)
Scrolls
 i - 6 scrolls of fear
 l - a scroll of summoning
 m - 7 scrolls of blinking
 r - 9 scrolls of enchant armour
 t - 6 scrolls of enchant weapon
 y - 8 scrolls of fog
 E - 5 scrolls of torment
 G - 17 scrolls of teleportation
 P - 3 scrolls of revelation
 S - 7 scrolls of poison
 U - 5 scrolls of brand weapon
 W - a scroll of vulnerability
Potions
 d - 6 potions of might
 g - 6 potions of ambrosia
 j - 8 potions of lignification
 n - 4 potions of resistance
 p - 7 potions of invisibility
 s - 35 potions of curing
 u - 7 potions of mutation
 x - 6 potions of haste
 A - 5 potions of heal wounds
 D - 11 potions of attraction
 H - 4 potions of magic
 M - 5 potions of cancellation
 T - 5 potions of berserk rage
 Y - 4 potions of enlightenment
Miscellaneous
 f - a phantom mirror


   Skills:
 + Level 20.1 Fighting
 + Level 19.2 Short Blades
 + Level 19.2 Long Blades
 + Level 19.6 Axes
 + Level 19.2 Maces & Flails
 + Level 19.2 Polearms
 + Level 19.2 Staves
 + Level 19.2 Ranged Weapons
 + Level 19.2 Throwing
 + Level 20.1 Armour
 + Level 19.2 Dodging
 + Level 20.3 Stealth
 + Level 20.1 Shields
 + Level 19.2 Unarmed Combat
 + Level 19.2 Spellcasting
 + Level 18.6 Conjurations
 + Level 16.3 Hexes
 + Level 16.3 Summonings
 + Level 16.3 Necromancy
 + Level 16.3 Translocations
 + Level 16.3 Transmutations
 + Level 16.3 Fire Magic
 + Level 16.3 Ice Magic
 + Level 16.3 Air Magic
 + Level 16.3 Earth Magic
 + Level 16.3 Poison Magic
 + Level 20.7 Invocations
 + Level 19.2 Evocations
 + Level 17.7 Shapeshifting


You had 54 spell levels left.
You knew the following spells:

 Your Spells              Type           Power      Damage    Failure   Level
a - Cause Fear            Hex            4%         N/A       1%          4
b - Dispersal             Tloc           4%         N/A       13%         6

Your spell library contained the following spells:

 Spells                   Type           Power      Damage    Failure   Level
 Apportation              Tloc           16%        N/A       1%          1
 Magic Dart               Conj           36%        1d4       1%          1
 Sandblast                Erth           16%        2d6       1%          1
 Shock                    Conj/Air       32%        1d5       1%          1
 Sting                    Tmut/Pois      32%        1d4       1%          1
 Summon Small Mammal      Summ           32%        N/A       1%          1
 Blink                    Tloc           16%        N/A       1%          2
 Call Imp                 Summ           16%        N/A       1%          2
 Cigotuvi's Dreadful Rot  Necr/Pois/Air  16%        N/A       1%          2
 Ensorcelled Hibernation  Hex/Ice        16%        N/A       1%          2
 Jinxbite                 Hex            16%        N/A       1%          2
 Lesser Beckoning         Tloc           16%        N/A       1%          2
 Momentum Strike          Conj/Tloc      16%        3d8       1%          2
 Passwall                 Tmut/Erth      6%         N/A       1%          2
 Poisonous Vapours        Pois/Air       16%        N/A       1%          2
 Searing Ray              Conj           18%        2d5       1%          2
 Static Discharge         Conj/Air       16%        3-4/arc   1%          2
 Sublimation of Blood     Necr           8%         N/A       1%          2
 Wereblood                Tmut           8%         N/A       1%          2
 Call Canine Familiar     Summ           8%         N/A       1%          3
 Dazzling Flash           Conj/Hex       16%        N/A       1%          3
 Frozen Ramparts          Ice            16%        1d3       1%          3
 Gell's Gravitas          Tloc           8%         N/A       1%          3
 Hailstorm                Conj/Ice       8%         3d4       1%          3
 Inner Flame              Hex/Fire       8%         N/A       1%          3
 Mephitic Cloud           Conj/Pois/Air  8%         N/A       1%          3
 Ozocubu's Armour         Ice            8%         N/A       1%          3
 Stone Arrow              Conj/Erth      16%        3d8       1%          3
 Summon Guardian Golem    Hex/Summ       8%         N/A       1%          3
 Teleport Other           Tloc           8%         N/A       1%          3
 Tukima's Dance           Hex            8%         N/A       1%          3
 Volatile Blastmotes      Fire/Tloc      16%        2d11      1%          3
 Anguish                  Hex/Necr       4%         N/A       1%          4
 Animate Dead             Necr           8%         N/A       1%          4
 Brom's Barrelling Bould  Conj/Erth      8%         2d3       1%          4
 Dimensional Bullseye     Hex/Tloc       4%         N/A       1%          4
 Dispel Undead            Necr           8%         3d8       1%          4
 Flame Wave               Conj/Fire      8%         2d5       1%          4
 Fulminant Prism          Conj/Hex       4%         3d5       1%          4
 Iskenderun's Mystic Bla  Conj/Tloc      8%         2d4       1%          4
 Leda's Liquefaction      Hex/Erth       4%         N/A       1%          4
 Passage of Golubria      Tloc           8%         N/A       1%          4
 Petrify                  Tmut/Erth      8%         N/A       1%          4
 Sticky Flame             Conj/Fire      8%         2d3       1%          4
 Arcjolt                  Conj/Air       4%         1d14      1%          5
 Fireball                 Conj/Fire      4%         3d4       1%          5
 Freezing Cloud           Conj/Ice/Air   4%         6-21      1%          5
 Irradiate                Conj/Tmut      4%         3d13      1%          5
 Iskenderun's Battlesphe  Conj           9%         2d6       1%          5
 Agony                    Necr           8%         N/A       2%          5
 Alistair's Intoxication  Tmut/Pois      5%         N/A       2%          5
 Borgnjor's Vile Clutch   Necr/Erth      4%         N/A       2%          5
 Lee's Rapid Deconstruct  Erth           4%         3d5*      2%          5
 Metabolic Englaciation   Hex/Ice        4%         N/A       2%          5
 Silence                  Hex/Air        4%         N/A       2%          5
 Summon Forest            Summ/Tloc      4%         N/A       2%          5
 Yara's Violent Unravell  Hex/Tmut       4%         3d4       2%          5
 Bombard                  Conj/Erth      4%         9d2       9%          6
 Conjure Ball Lightning   Conj/Air       4%         3x3d6     9%          6
 Starburst                Conj/Fire      4%         6d3       9%          6
 Death Channel            Necr           4%         N/A       13%         6
 Eringya's Noxious Bog    Tmut/Pois      4%         4d6       13%         6
 Plasma Beam              Fire/Air       4%         2x1d14    13%         6
 Simulacrum               Ice/Necr       4%         N/A       13%         6
 Orb of Destruction       Conj           4%         9d5       28%         7
 Spellforged Servitor     Conj/Summ      4%         N/A       41%         7
 Enfeeble                 Hex            4%         N/A       56%         7
 Haunt                    Necr/Summ      4%         N/A       56%         7
 Ozocubu's Refrigeration  Ice            4%         4d8       56%         7
 Summon Hydra             Summ           4%         N/A       56%         7
 Lehudib's Crystal Spear  Conj/Erth      4%         10d3      98%         8
 Discord                  Hex            4%         N/A       99%         8
 Disjunction              Tloc           4%         N/A       99%         8
 Infestation              Necr           4%         N/A       99%         8
 Maxwell's Capacitive Co  Air            4%         ∞         99%         8
 Chain Lightning          Conj/Air       4%         3d5       100%        9
 Dragon's Call            Summ           4%         N/A       100%        9
 Fire Storm               Conj/Fire      4%         8d1       100%        9
 Polar Vortex             Ice            4%         N/A       100%        9


Dungeon Overview and Level Annotations

Branches:
Dungeon (15/15)            Temple (1/1) D:7            Lair (5/5) D:8
 Shoals (4/4) Lair:3       Spider (4/4) Lair:2        Slime (5/5) Lair:4
    Orc (2/2) D:11            Elf (3/3) Orc:2        Vaults (4/5) D:13
  Crypt (0/3) Vaults:2     Depths (4/4) D:15            Zot (5/5) Depths:4
  Sewer (visited)           IceCv (visited)         Volcano (visited)
 WizLab (visited)

Altars:
Ashenzari
Cheibriados
Dithmenos
Elyvilon
Fedhas
Gozag
Hepliaklqana
Kikubaaqudgha
Makhleb
Nemelex Xobeh
Okawaru
Qazlal
Ru
Sif Muna
Trog
Uskayaw
Vehumet
Wu Jian
Xom
Yredelemnul
Zin
The Shining One
Jiyva

Shops:
D:4 (   D:10 *   Orc:2 *[=[(   Elf:1 [   Vaults:1 (   Vaults:2 *
Depths:1 *!(?

Portals:
Hell: Depths:1 Depths:2 Depths:3 Depths:4
Abyss: Vaults:1 Depths:3 Depths:4
Pandemonium: Depths:2 Depths:4
Ziggurat: Depths:4
Trove: Vaults:4 (give 6 scrolls of fear)


Innate Abilities, Weirdness & Mutations

You have very sharp teeth.
Your uncanny sense of smell can sniff out nearby items.
Your experience applies equally to all skills.
You are clumsy. (Dex -2)
You are frail. (-10% HP)
You have an increased reservoir of magic. (+10% MP)
You are weak. (Str -2)
You have hidden genetic potential.
You expend magic power (3 MP) to strengthen your wands.


Message History

You climb upwards.
There is a stone staircase leading down here.
There is a stone staircase leading up here.
You climb upwards.
There is a stone staircase leading down here.
A tormentor comes into view.
You can't go up here!
The tormentor calls on the powers of darkness!
Your body is wracked with pain!
The tormentor barely misses you. You block the tormentor's attack.
You closely miss the tormentor.
Your +9 spectral broad axe hits the tormentor!!
The tormentor calls on the powers of darkness!
Your body is wracked with pain!
* * * LOW HITPOINT WARNING * * *
You slice the tormentor!!
You kill the tormentor!
Your +9 spectral broad axe disappears.
You see here a +0 whip.
There is a stone staircase leading up here.
Okay, then.
You start resting.
A cacodemon comes into view.
You climb upwards.
There is a stone staircase leading down here.
A hellwing comes into view.
The hellwing moves out of view.
You feel yourself speed up.
Aiming: Dig
Press: ? - help, Shift-Dir - straight line, f - you Please select a direction to dig.
This square is covered in magical glow.
You feel a surge of power!
The rock shatters into small pieces.
A tormentor comes into view.
The tormentor roars!
The tormentor calls on the powers of darkness!
Your body is wracked with pain!
* * * LOW HITPOINT WARNING * * *
There is a staircase leading out of the dungeon here.
You have escaped!

......#.#.#.#####..##.....#.#
.)......#.##.........#..#.#.#
......###.#........#....#.#.#
..........#..#....##..#...#.#
#########....###2###......#.#
...# #..###.##.##.###...#.#
...# ##..###.#.#.###....#.#
...# #...###...###.....#.#
)..# #.......@.........#.#
...# ##...###...###.....#.#
...# #...###.#.#.###....#.#
...# #..###.##.##.###.....#
...# #.....###.###....#...#
...#####.....##...##....#...#
..........#..#.....#....#.#.#
...######.##..............#.#
.########.#####..####.#.....#


You could see a tormentor.

Vanquished Creatures
  2 ancient liches (Zot:5)
  4 orbs of fire (Zot:5)
  2 juggernauts
  The ghost of Zeaxzic Paph the Slayer, a veteran OgBe of Trog (Zot:1)
  A pandemonium lord (D:8)
  Vv (Depths:4)
  The ghost of Persephone the Skinwalker, a veteran TrSh of the Shining One (Zot:1)
  8 Killer Klowns
  Frederick (Depths:3)
  The ghost of Covvyleb the Unforgettable, a veteran DrIE of Hepliaklqana (Zot:1)
  7 golden dragons
  Nikola (Elf:1)
  5 electric golems
  Zenata (Elf:3)
  A Cloud Mage (WizLab)
  A Hell Sentinel (D:5)
  9 tentacled monstrosities
  Asterion (Elf:3)
  Jorgrun (Elf:1)
  A lich (Depths:3)
  3 deep elf blademasters (Elf:3)
  2 walking divine tomes (Depths:4)
  31 Orb Guardians
  A titan (Vaults:4)
  12 quicksilver dragons
  21 acid blobs
  6 sphinxes
  The ghost of GigaChad the Severer, an adept HuFi of the Shining One (Vaults:1)
  Polyphemus (Shoals:4)
  A walking frostbound tome (Depths:4)
  4 deep elf master archers (Elf:3)
  3 krakens
  An ancient champion (Vaults:2)
  A tentacled starspawn (Vaults:1)
  8 death cobs
  4 tengu reavers
  9 shadow dragons
  16 storm dragons
  Donald (Spider:1)
  11 azure jellies
  5 draconian knights
  The ghost of Sundig the Warrior, a journeyman MiFi of Qazlal (Elf:1)
  7 rockslimes
  7 draconian monks
  12 fire giants
  10 deep elf sorcerers
  10 vault wardens
  12 frost giants
  3 iron dragons
  6 emperor scorpions
  Louise (Elf:1)
  6 ghost moths
  6 deep elf elementalists
  2 cacodemons (Vaults:1)
  5 draconian shifters
  4 orc warlords
  An angel (Depths:4)
  3 draconian scorchers
  5 draconian annihilators
  18 ironbound preservers
  7 spriggan defenders
  5 draconian stormcallers
  4 ironbound thunderhulks
  24 formless jellyfish
  5 vampire knights
  12 quicksilver oozes
  3 broodmothers
  11 stone giants
  27 very ugly things
  29 purple draconians
  10 deep elf annihilators
  9 black draconians
  4 green draconians
  11 spark wasps
  5 white draconians
  7 deep elf demonologists
  10 dire elephants
  11 red draconians
  A crystal guardian (Vaults:2)
  6 yellow draconians
  2 blizzard demons
  6 deep elf death magi
  Snorg (Orc:1)
  11 merfolk impalers
  8 fire dragons
  9 ettins
  8 yaktaur captains
  7 entropy weavers
  Josephine (D:15)
  10 deep elf high priests
  7 great orbs of eyes
  10 vault guards
  5 hydras
  The ghost of Scrimshaw the Martial Artist, a journeyman OpSh of Wu Jian (Orc:2)
  5 rakshasas
  Fannar (Lair:3)
  8 ice dragons
  A peacekeeper (Vaults:2)
  4 spriggan air magi
  5 merfolk avatars
  18 centaur warriors
  5 ghost crabs (WizLab)
  2 jorogumos
  2 alligators
  2 catoblepae
  3 radroaches
  17 death yaks
  8 ironbound frosthearts
  2 satyrs (Shoals:3)
  4 merfolk aquamancers
  3 alligator snapping turtles
  5 boulder beetles
  5 two-headed ogres
  12 deep troll shamans
  11 deep troll earth magi
  6 spriggan berserkers
  2 orc high priests (Orc:1)
  6 tengu warriors
  34 dancing weapons
  11 hell knights
  4 demonic crawlers
  6 shock serpents (WizLab)
  19 deep elf knights
  3 sun demons (D:8)
  8 pharaoh ants
  Amaemon (Lair:2)
  A golden dragon zombie (Depths:1)
  A fire crab (shapeshifter) (Spider:2)
  A skyshark (shapeshifter) (Depths:4)
  A death drake (WizLab)
  14 iron trolls
  5 skysharks
  6 skeletal warriors (Vaults:2)
  A shadow demon (D:8)
  12 sea snakes
  2 glowing orange brains
  A sun moth (Spider:3)
  A flayed ghost (Depths:3)
  11 orb spiders
  19 harpies
  70 deep trolls
  15 deep elf archers
  A swamp dragon (Spider:1)
  5 steelbarb worms
  18 ironbound convokers
  A lindwurm (Vaults:2)
  An obsidian statue (Zot:5)
  6 arcanists
  13 orc knights
  5 phantasmal warriors
  A shadow dragon zombie (Vaults:4)
  A harpy (shapeshifter) (D:15)
  21 deep elf pyromancers
  8 orc sorcerers
  6 necromancers
  3 starcursed masses (Vaults:1)
  15 wolf spiders
  15 fauns
  22 deep elf zephyrmancers
  An oklob plant (Spider:4)
  A wolf spider (shapeshifter) (Depths:4)
  32 ugly things
  12 shining eyes
  10 cyclopes
  A large abomination (Vaults:1)
  17 moths of wrath
  A worldbinder (Vaults:1)
  2 toenail golems (Volcano)
  15 manticores
  11 elephants
  Maurice (D:8)
  A stone giant skeleton (Vaults:2)
  12 vault sentinels
  An ice statue (IceCv)
  3 gargoyles
  11 merfolk sirens
  4 water nymphs
  A guardian serpent (Spider:1)
  Joseph (D:8)
  7 black mambas
  5 apocalypse crabs (WizLab)
  6 human skeletons
  The ghost of Cancer the Digger, a novice GrEE of Vehumet (D:6)
  3 eyes of devastation
  A guardian serpent (shapeshifter) (Depths:2)
  A frost giant skeleton (Vaults:4)
  7 torpor snails
  Maggie (D:6)
  An orange demon (Lair:2)
  17 cane toads
  An unseen horror (Shoals:4)
  4 molten gargoyles (Volcano)
  Jeremiah (D:8)
  An unseen horror (shapeshifter) (Spider:4)
  17 yaktaurs
  A tormentor (D:2)
  5 rime drakes
  9 komodo dragons
  A yaktaur (shapeshifter) (Elf:1)
  3 efreet
  2 tengu conjurers
  A queen bee (Spider:1)
  9 wind drakes
  An elf skeleton (Vaults:2)
  6 trolls
  28 merfolk
  A tyrant leech (Lair:5)
  A wind drake (shapeshifter) (D:15)
  12 hornets
  4 meliai
  13 polar bears
  A raiju (Spider:1)
  26 tarantellas
  23 blink frogs
  5 glass eyes
  8 snapping turtles
  An ettin zombie (Depths:1)
  A stone giant simulacrum (Vaults:3)
  5 dream sheep
  A frost giant simulacrum (Depths:1)
  129 slime creatures
  10 spriggans
  30 jumping spiders
  28 culicivoras
  A ynoxinul (D:8)
  Sigmund (D:6)
  A shadow (D:13)
  6 wraiths
  11 air elementals
  A vampire (D:12)
  A deep troll skeleton (Vaults:2)
  5 wyverns
  16 water elementals
  An elf simulacrum (Vaults:4)
  10 fire elementals
  31 yaks
  A human (D:13)
  40 redbacks
  7 golden eyes (Slime:5)
  4 basilisks
  A chaos spawn (Zot:5)
  12 wargs
  12 vampire mosquitoes
  A naga (shapeshifter) (Elf:2)
  4 hell hounds (D:12)
  An ogre skeleton (Vaults:2)
  14 water moccasins
  A human zombie (Depths:1)
  5 acid dragons
  A glowing shapeshifter skeleton (Vaults:2)
  Duvessa (D:6)
  36 orc warriors
  3 black bears
  2 ice beasts
  12 ogres
  5 sky beasts
  11 centaurs
  19 wolves
  2 phantoms
  A kobold brigand (D:9)
  Blork the orc (D:5)
  21 bullfrogs
  A gnoll sergeant (D:9)
  4 earth elementals
  12 scorpions
  Dowan (D:6)
  10 killer bees
  A howler monkey (D:9)
  3 electric eels
  18 orc priests
  2 hounds
  Ijyb (D:5)
  4 iguanas (D:6)
  24 orc wizards
  A lightning spire (Zot:1)
  3 yak simulacra (D:12)
  8 hell rats (Lair:5)
  2 polar bear simulacra (D:12)
  2 wolf simulacra (D:12)
  9 gnolls
  9 adders
  14 white imps
  6 ufetubi
  4 worms
  A dart slug (D:5)
  106 orcs
  6 bats
  14 endoplasms
  9 giant cockroaches
  17 goblins
  15 hobgoblins
  4 jackals
  18 kobolds
  17 quokkas
  11 ball pythons
  12 frilled lizards
  6 rats
  4 river rat simulacra (D:12)
  A lurking horror (Vaults:1)
  A spectral weapon (Elf:3)
  7 tentacles
2392 creatures vanquished.

Vanquished Creatures (collateral kills)
  the Royal Jelly (Slime:5)
  Bai Suzhen (Vaults:4)
  Norris (Vaults:3)
  2 acid blobs (Slime:5)
  4 azure jellies (Slime:5)
  A frost giant (Shoals:4)
  2 deep elf sorcerers (Elf:3)
  An ironbound preserver (Vaults:3)
  A quicksilver ooze (Slime:5)
  A formless jellyfish (Shoals:4)
  A white draconian (Depths:4)
  2 merfolk impalers (Shoals:4)
  A yaktaur captain (Vaults:3)
  A hydra (Lair:5)
  A great orb of eyes (Slime:5)
  An ironbound frostheart (Vaults:3)
  2 merfolk aquamancers (Shoals:4)
  4 death yaks (Lair:5)
  A deep elf knight (Elf:1)
  2 skysharks (Vaults:3)
  A fire crab (Lair:5)
  A goliath frog (Lair:5)
  A merfolk siren (Shoals:4)
  An elephant (Lair:5)
  6 cane toads (Lair:5)
  A komodo dragon (Lair:5)
  8 merfolk
  A hornet (Spider:4)
  A snapping turtle (Shoals:3)
  A blink frog (Lair:5)
  2 yaks (Lair:5)
  A redback (Spider:1)
  A water moccasin (Lair:5)
  3 orc warriors (Orc:2)
  A wolf (Lair:5)
  2 hell rats (Lair:5)
63 creatures vanquished.

Vanquished Creatures (others)
  A golden dragon (Depths:3)
  2 draconian knights
  A deep elf sorcerer (Elf:1)
  A blizzard demon (WizLab)
  A spark wasp (WizLab)
  A spriggan air mage (WizLab)
  A deep elf knight (Elf:1)
  2 deep elf pyromancers (Elf:1)
  4 deep elf zephyrmancers
  A manticore (Shoals:3)
  A merfolk (Shoals:4)
  A culicivora (Shoals:4)
  A sky beast (Elf:1)
  An orc (Elf:1)
  147 spectral weapons
  2 starspawn tentacles (Vaults:1)
  7 tentacles
175 creatures vanquished.

Grand Total: 2630 creatures vanquished

Notes
Turn   | Place    | Note
-------+----------+-------------------------------------------
     0 | D:1      | lessens the Gnoll Fighter began the quest for the Orb.
     0 | D:1      | Reached XP level 1. HP: 23/23 MP: 1/1
   218 | D:1      | Reached XP level 2. HP: 29/29 MP: 2/2
   606 | D:1      | Reached XP level 3. HP: 32/35 MP: 3/3
   636 | D:1      | Reached skill level 1 in Invocations
  1025 | D:2      | Reached skill level 1 in Short Blades
  1025 | D:2      | Reached skill level 1 in Long Blades
  1025 | D:2      | Reached skill level 1 in Maces & Flails
  1025 | D:2      | Reached skill level 1 in Polearms
  1025 | D:2      | Reached skill level 1 in Staves
  1025 | D:2      | Reached skill level 1 in Ranged Weapons
  1025 | D:2      | Reached skill level 1 in Throwing
  1025 | D:2      | Reached skill level 1 in Dodging
  1025 | D:2      | Reached skill level 1 in Stealth
  1025 | D:2      | Reached skill level 1 in Unarmed Combat
  1025 | D:2      | Reached skill level 1 in Spellcasting
  1025 | D:2      | Reached skill level 1 in Evocations
  1146 | D:2      | Reached XP level 4. HP: 41/41 MP: 5/5
  1177 | D:2      | Reached skill level 1 in Shapeshifting
  1562 | D:2      | Reached skill level 1 in Conjurations
  1562 | D:2      | Reached skill level 1 in Hexes
  1562 | D:2      | Reached skill level 1 in Summonings
  1562 | D:2      | Reached skill level 1 in Necromancy
  1562 | D:2      | Reached skill level 1 in Translocations
  1562 | D:2      | Reached skill level 1 in Transmutations
  1562 | D:2      | Reached skill level 1 in Fire Magic
  1562 | D:2      | Reached skill level 1 in Ice Magic
  1562 | D:2      | Reached skill level 1 in Air Magic
  1562 | D:2      | Reached skill level 1 in Earth Magic
  1562 | D:2      | Reached skill level 1 in Poison Magic
  1745 | D:2      | Found a faded altar of an unknown god.
  1888 | D:3      | You fall into a shaft and drop 2 floors!
  1888 | D:5      | Entered Level 5 of the Dungeon
  1898 | D:5      | Reached XP level 5. HP: 46/47 MP: 5/7
  1966 | D:3      | Found a glowing drain.
  1970 | Sewer    | Entered a sewer
  2414 | Sewer    | Reached XP level 6. HP: 23/53 MP: 8/8
  2421 | Sewer    | Reached skill level 5 in Axes
  3283 | D:4      | Identified the +8 war axe of Cataclysm {spect, rElec rCorr
                  | SInv}
  3333 | D:4      | Found Ereelen's Weapon Shoppe.
  3485 | D:4      | Reached XP level 7. HP: 59/59 MP: 10/10
  3664 | D:4      | Found a hide-covered altar of Uskayaw.
  3664 | D:4      | Found a sparkling altar of Nemelex Xobeh.
  3665 | D:4      | Found a broken altar of Ashenzari.
  3672 | D:4      | Became a worshipper of Nemelex Xobeh the Trickster
  3782 | D:5      | Noticed Ijyb
  3788 | D:5      | Killed Ijyb
  3917 | D:5      | Noticed Blork the orc
  3921 | D:5      | Killed Blork the orc
  4349 | D:5      | Reached * piety under Nemelex Xobeh
  4445 | D:5      | Reached XP level 8. HP: 67/67 MP: 12/12
  4657 | D:5      | Received a gift from Nemelex Xobeh
  5206 | D:6      | Noticed Sigmund
  5212 | D:6      | Killed Sigmund
  5314 | D:6      | Noticed a wyvern
  5321 | D:6      | Killed a wyvern
  5425 | D:6      | Reached XP level 9. HP: 73/73 MP: 14/14
  5619 | D:6      | Reached ** piety under Nemelex Xobeh
  5706 | D:6      | Found a large runed translucent door.
  5706 | D:6      | Found a large runed translucent door.
  5708 | D:6      | Noticed Cancer's ghost (novice GrEE)
  5827 | D:6      | Noticed Dowan
  5828 | D:6      | Noticed Duvessa
  5837 | D:6      | Killed Duvessa
  5843 | D:6      | Killed Dowan
  5933 | D:6      | Found a glowing silver altar of Zin.
  6146 | D:6      | Received a gift from Nemelex Xobeh
  6177 | D:6      | Noticed Maggie
  6184 | D:6      | Killed Maggie
  6185 | D:6      | Reached skill level 5 in Invocations
  6400 | D:6      | Killed Cancer's ghost
  6486 | D:7      | Found a staircase to the Ecumenical Temple.
  6515 | D:7      | Reached XP level 10. HP: 71/80 MP: 17/17
  6540 | Temple   | Entered the Ecumenical Temple
  6630 | D:7      | Noticed a deep elf pyromancer
  6634 | D:7      | Killed a deep elf pyromancer
  6635 | D:7      | Reached skill level 5 in Short Blades
  6635 | D:7      | Reached skill level 5 in Long Blades
  6635 | D:7      | Reached skill level 5 in Maces & Flails
  6635 | D:7      | Reached skill level 5 in Polearms
  6635 | D:7      | Reached skill level 5 in Staves
  6635 | D:7      | Reached skill level 5 in Ranged Weapons
  6635 | D:7      | Reached skill level 5 in Throwing
  6635 | D:7      | Reached skill level 5 in Dodging
  6635 | D:7      | Reached skill level 5 in Stealth
  6635 | D:7      | Reached skill level 5 in Unarmed Combat
  6635 | D:7      | Reached skill level 5 in Spellcasting
  6635 | D:7      | Reached skill level 5 in Evocations
  7024 | D:8      | Identified the of Janaggass
  7030 | D:8      | Noticed Maurice
  7037 | D:8      | Killed Maurice
  7390 | D:8      | Received a gift from Nemelex Xobeh
  7454 | D:8      | Found a staircase to the Lair.
  7463 | D:8      | Reached skill level 5 in Shapeshifting
  7615 | D:8      | Noticed Jeremiah
  7634 | D:8      | Killed Jeremiah
  7677 | D:8      | Noticed Joseph
  7686 | D:8      | Killed Joseph
  7845 | D:8      | Reached *** piety under Nemelex Xobeh
  7861 | D:8      | Found a shadowy altar of Dithmenos.
  7864 | D:8      | Found a snail-covered altar of Cheibriados.
  7866 | D:8      | Found an ornate altar of the Wu Jian Council.
  7870 | D:8      | Found an iron altar of Okawaru.
  8161 | D:9      | Reached XP level 11. HP: 81/89 MP: 18/20
  8191 | D:9      | Received a gift from Nemelex Xobeh
  8384 | D:9      | Reached skill level 5 in Conjurations
  8384 | D:9      | Reached skill level 5 in Hexes
  8384 | D:9      | Reached skill level 5 in Summonings
  8384 | D:9      | Reached skill level 5 in Necromancy
  8384 | D:9      | Reached skill level 5 in Translocations
  8384 | D:9      | Reached skill level 5 in Transmutations
  8384 | D:9      | Reached skill level 5 in Fire Magic
  8384 | D:9      | Reached skill level 5 in Ice Magic
  8384 | D:9      | Reached skill level 5 in Air Magic
  8384 | D:9      | Reached skill level 5 in Earth Magic
  8384 | D:9      | Reached skill level 5 in Poison Magic
  8626 | D:9      | Identified the +8 scale mail "Wiffuot" {Dex+3}
  9079 | D:10     | Entered Level 10 of the Dungeon
  9352 | D:10     | Noticed a two-headed ogre
  9358 | D:10     | Killed a two-headed ogre
  9384 | D:10     | Received a gift from Nemelex Xobeh
  9419 | D:10     | Found Gozag's Platinum Reserve.
  9420 | D:10     | Found an opulent altar of Gozag.
  9426 | D:10     | Reached **** piety under Nemelex Xobeh
  9771 | D:11     | Noticed a manticore
  9782 | D:11     | Killed a manticore
  9946 | D:11     | Noticed a manticore
  9950 | D:11     | Killed a manticore
 10382 | D:11     | Identified the +0 leather armour of Jamm {Str+4 Dex+7 SInv}
 10400 | D:11     | Noticed a two-headed ogre
 10408 | D:11     | Killed a two-headed ogre
 10639 | D:11     | Found a staircase to the Orcish Mines.
 10944 | D:12     | Received a gift from Nemelex Xobeh
 10953 | D:12     | Noticed a necromancer
 10967 | D:12     | Killed a necromancer
 11122 | D:12     | Reached XP level 12. HP: 96/96 MP: 22/22
 11797 | D:12     | Noticed a two-headed ogre
 11807 | D:12     | Reached skill level 10 in Fighting
 11807 | D:12     | Reached skill level 10 in Armour
 11807 | D:12     | Reached skill level 10 in Shields
 11807 | D:12     | Killed a two-headed ogre
 12079 | D:12     | Noticed a boulder beetle
 12095 | D:12     | Killed a boulder beetle
 12269 | Lair:1   | Entered Level 1 of the Lair of Beasts
 12564 | Lair:1   | Noticed a catoblepas
 12571 | Lair:1   | Killed a catoblepas
 13313 | Lair:1   | Received a gift from Nemelex Xobeh
 13752 | Lair:2   | Reached XP level 13. HP: 90/104 MP: 23/25
 13956 | Lair:2   | Found a hole to the Spider Nest.
 13966 | Lair:2   | Received a gift from Nemelex Xobeh
 14403 | Lair:2   | Noticed Amaemon
 14410 | Lair:2   | Killed Amaemon
 14563 | Lair:2   | Reached ***** piety under Nemelex Xobeh
 14738 | Lair:2   | Received a gift from Nemelex Xobeh
 15103 | Lair:3   | Found a frozen archway.
 15155 | IceCv    | Entered an ice cave
 15838 | IceCv    | Reached skill level 10 in Axes
 16205 | IceCv    | Received a gift from Nemelex Xobeh
 16567 | IceCv    | Reached XP level 14. HP: 112/113 MP: 25/27
 16683 | IceCv    | HP: 5/113 [ironbound frostheart/creeping frost (22)]
 16683 | IceCv    | HP: 1/113 [ironbound frostheart (4)]
 17187 | Lair:3   | Reached skill level 10 in Invocations
 17406 | Lair:3   | Noticed Fannar
 17414 | Lair:3   | Killed Fannar
 17704 | Lair:3   | Found a staircase to the Shoals.
 17882 | Lair:4   | Received a gift from Nemelex Xobeh
 18279 | Lair:4   | Received a gift from Nemelex Xobeh
 19097 | Lair:4   | Found a staircase to the Slime Pits.
 19110 | Lair:4   | Received a gift from Nemelex Xobeh
 19430 | Lair:5   | Entered Level 5 of the Lair of Beasts
 19757 | Lair:5   | Reached XP level 15. HP: 95/120 MP: 28/28
 19761 | Lair:5   | Found a dark tunnel.
 19781 | Volcano  | Entered a volcano
 20098 | Volcano  | Reached skill level 10 in Short Blades
 20098 | Volcano  | Reached skill level 10 in Long Blades
 20098 | Volcano  | Reached skill level 10 in Maces & Flails
 20098 | Volcano  | Reached skill level 10 in Polearms
 20098 | Volcano  | Reached skill level 10 in Staves
 20098 | Volcano  | Reached skill level 10 in Ranged Weapons
 20098 | Volcano  | Reached skill level 10 in Throwing
 20098 | Volcano  | Reached skill level 10 in Dodging
 20098 | Volcano  | Reached skill level 10 in Stealth
 20098 | Volcano  | Reached skill level 10 in Unarmed Combat
 20098 | Volcano  | Reached skill level 10 in Spellcasting
 20098 | Volcano  | Reached skill level 10 in Evocations
 20223 | Lair:5   | Received a gift from Nemelex Xobeh
 20225 | Lair:5   | Identified the ring "Plog" {rElec rC- Str+6 Int+5 Stlth+}
 20737 | Lair:5   | Identified the +2 buckler of the Thunderstorm {rElec Int-2
                  | Slay+4}
 21572 | Orc:1    | Entered Level 1 of the Orcish Mines
 21964 | Orc:2    | Entered Level 2 of the Orcish Mines
 21973 | Orc:2    | Found Modilis's Antique Armour Emporium.
 21991 | Orc:1    | Noticed an orc warlord
 22008 | Orc:1    | Killed an orc warlord
 22320 | Orc:2    | Found a staircase to the Elven Halls.
 22338 | Orc:2    | Bought a runed helmet for 232 gold pieces
 22355 | Orc:1    | Noticed Snorg
 22365 | Orc:1    | Killed Snorg
 22690 | Orc:2    | Found Nyfushol's Jewellery Shop.
 22849 | Orc:2    | Bought an amulet of guardian spirit for 390 gold pieces
 22859 | Orc:2    | Found Wefod's Armour Boutique.
 22871 | Orc:2    | Noticed an orc warlord
 22886 | Orc:2    | Killed an orc warlord
 22889 | Orc:2    | Found Qeantash's General Store.
 23170 | Orc:2    | Received a gift from Nemelex Xobeh
 23178 | Orc:2    | Bought a scroll of fear for 60 gold pieces
 23178 | Orc:2    | Bought a potion of berserk rage for 75 gold pieces
 23178 | Orc:2    | Bought a scroll of identify for 30 gold pieces
 23327 | Orc:2    | Noticed Scrimshaw's ghost (journeyman OpSh)
 23355 | Orc:2    | Found a runed translucent door.
 23412 | Orc:2    | Found Peidot's Antique Weapon Shoppe.
 23714 | Orc:2    | Killed Scrimshaw's ghost
 23886 | Orc:2    | Learned a level 4 spell: Cause Fear
 24163 | D:13     | Identified the beast talisman "Vimocw" {SInv}
 24211 | D:13     | Reached XP level 16. HP: 129/129 MP: 30/30
 24544 | D:13     | Reached skill level 10 in Shapeshifting
 24893 | D:13     | Found a gate to the Vaults.
 25108 | D:14     | Found a hide-covered altar of Uskayaw.
 25329 | D:14     | Received a gift from Nemelex Xobeh
 26251 | D:15     | Entered Level 15 of the Dungeon
 26345 | D:15     | Received a gift from Nemelex Xobeh
 26367 | D:15     | Noticed Josephine
 26380 | D:15     | Killed Josephine
 26805 | D:15     | Received a gift from Nemelex Xobeh
 27018 | D:15     | Found a staircase to the Depths.
 27174 | D:15     | Received a gift from Nemelex Xobeh
 27707 | Spider:1 | Entered Level 1 of the Spider Nest
 27716 | Spider:1 | Noticed Donald
 27733 | Spider:1 | HP: 6/130 [Donald/+0 war axe of electrocution (24)]
 27733 | Spider:1 | HP: 2/130 [Donald/+0 war axe of electrocution (4)]
 27734 | Spider:1 | Killed Donald
 28270 | Spider:1 | Reached XP level 17. HP: 128/136 MP: 28/32
 28610 | Spider:1 | Identified a scroll of acquirement
 28611 | Spider:1 | Acquired a +2 pair of boots of stealth
 28624 | Spider:1 | Identified the ring "Meiseurgh" {EV+5 Int+4 Dex+4}
 28885 | Spider:2 | Received a gift from Nemelex Xobeh
 29192 | Spider:2 | Reached skill level 10 in Conjurations
 29192 | Spider:2 | Reached skill level 10 in Hexes
 29192 | Spider:2 | Reached skill level 10 in Summonings
 29192 | Spider:2 | Reached skill level 10 in Necromancy
 29192 | Spider:2 | Reached skill level 10 in Translocations
 29192 | Spider:2 | Reached skill level 10 in Transmutations
 29192 | Spider:2 | Reached skill level 10 in Fire Magic
 29192 | Spider:2 | Reached skill level 10 in Ice Magic
 29192 | Spider:2 | Reached skill level 10 in Air Magic
 29192 | Spider:2 | Reached skill level 10 in Earth Magic
 29192 | Spider:2 | Reached skill level 10 in Poison Magic
 30347 | Spider:3 | Found the ring of Shadows {Umbra +Inv Stlth+}
 30460 | Spider:3 | Reached ****** piety under Nemelex Xobeh
 30877 | Spider:3 | Received a gift from Nemelex Xobeh
 31515 | Spider:4 | Entered Level 4 of the Spider Nest
 31658 | Spider:4 | Noticed Arachne
 31663 | Spider:4 | Arachne changed into Arachne the sphinx
 31663 | Spider:4 | Noticed Arachne
 31664 | Spider:4 | Killed Arachne the sphinx
 31665 | Spider:4 | Gained mutation: You are weak. (Str -2) [a shining eye]
 31924 | Spider:4 | Received a gift from Nemelex Xobeh
 32108 | Spider:4 | Reached XP level 18. HP: 110/145 MP: 0/34
 32694 | Spider:4 | Identified the +2 pair of gloves of Plasticity {Str+5}
 32726 | Spider:4 | Got a gossamer rune of Zot
 33335 | Shoals:1 | Entered Level 1 of the Shoals
 33344 | Shoals:1 | Received a gift from Nemelex Xobeh
 33786 | Shoals:1 | Found a shimmering altar of Xom.
 34513 | Shoals:2 | Received a gift from Nemelex Xobeh
 34852 | Shoals:2 | Received a gift from Nemelex Xobeh
 35718 | Shoals:3 | Received a gift from Nemelex Xobeh
 35791 | Shoals:3 | Reached XP level 19. HP: 89/153 MP: 29/36
 35962 | Shoals:3 | Identified the amulet "Kogyxunu" {Reflect -Cast rF+ rC+
                  | rCorr SH+5}
 36766 | Shoals:4 | Entered Level 4 of the Shoals
 36795 | Shoals:4 | Identified the +2 long sword "Killer Bee's Bane" {venom,
                  | rN+ MP+9}
 36840 | Shoals:4 | Paralysed by a formless jellyfish for 1 turns
 36851 | Shoals:4 | Got a barnacled rune of Zot
 37204 | Shoals:4 | Noticed Polyphemus
 37225 | Shoals:4 | Killed Polyphemus
 37557 | Shoals:4 | Identified the ring "Quczuf" {Will+ Int+3}
 38553 | Shoals:4 | Received a gift from Nemelex Xobeh
 38611 | Shoals:4 | Reached XP level 20. HP: 161/161 MP: 37/37
 39406 | Vaults:3 | Identified the "Agaew"
 39406 | WizLab   | Identified the "Araasac"
 39406 | WizLab   | Identified the of Anekogecw
 39406 | Vaults:5 | Identified the "Cytt"
 39406 | Depths:2 | Identified the of Cooguofi
 39406 | Depths:2 | Identified the "Acwougo"
 39406 | Depths:2 | Identified the of Los Hodu
 39406 | Depths:3 | Identified the "Uxez"
 39406 | Elf:1    | Entered Level 1 of the Elven Halls
 39406 | Elf:1    | Found Zisoqitt's Antique Armour Boutique.
 39993 | Elf:1    | Reached skill level 15 in Fighting
 39993 | Elf:1    | Reached skill level 15 in Armour
 39993 | Elf:1    | Reached skill level 15 in Shields
 40331 | Elf:1    | Noticed Nikola
 40332 | Elf:1    | Paralysed by an air elemental for 1 turns
 40339 | Elf:1    | Paralysed by an air elemental for 1 turns
 40347 | Elf:1    | Killed Nikola
 40672 | Elf:1    | Noticed Jorgrun
 40697 | Elf:1    | Found a shimmering blue altar of Sif Muna.
 40785 | Elf:1    | Killed Jorgrun
 40848 | Elf:1    | Found a runed translucent door.
 40848 | Elf:1    | Noticed Sundig's ghost (journeyman MiFi)
 40903 | Elf:1    | Killed Sundig's ghost
 41001 | Elf:1    | Identified the +14 plate armour "Tyshraluf" {rCorr Int+3}
 41361 | Elf:1    | Found a runed translucent gate.
 41361 | Elf:1    | Found a runed translucent gate.
 41361 | Elf:1    | Found a runed translucent gate.
 41361 | Elf:1    | Found a runed translucent gate.
 41361 | Elf:1    | Found a runed translucent gate.
 41375 | Elf:1    | Found a runed translucent gate.
 41504 | Elf:1    | Reached skill level 15 in Invocations
 41613 | Elf:1    | Reached XP level 21. HP: 152/168 MP: 38/38
 41723 | Elf:1    | Noticed Louise
 41744 | Elf:1    | Killed Louise
 41994 | Elf:2    | Found a runed translucent gate.
 41994 | Elf:2    | Found a runed translucent gate.
 41995 | Elf:2    | Found a runed translucent gate.
 42710 | Elf:2    | Received a gift from Nemelex Xobeh
 43574 | Elf:2    | Received a gift from Nemelex Xobeh
 43983 | Vaults:1 | Entered Level 1 of the Vaults
 44473 | Vaults:1 | Received a gift from Nemelex Xobeh
 44658 | Vaults:1 | Found Keur's Weapon Shoppe.
 44825 | Vaults:1 | Reached skill level 15 in Axes
 45299 | Vaults:1 | Found a transporter.
 45305 | Vaults:1 | Noticed GigaChad's ghost (adept HuFi)
 45313 | Vaults:1 | Found a one-way gate to the infinite horrors of the Abyss.
 45336 | Vaults:1 | Found a transporter.
 46095 | Vaults:1 | Received a gift from Nemelex Xobeh
 46385 | Vaults:1 | Identified the +2 cloak "Ymae" {rPois Str+4 Stlth+}
 46399 | Vaults:1 | Killed GigaChad's ghost
 46400 | Vaults:1 | Reached XP level 22. HP: 165/177 MP: 40/40
 46500 | Vaults:2 | Found Vanok's General Store.
 46601 | Vaults:2 | Bought a scroll of enchant weapon for 97 gold pieces
 46601 | Vaults:2 | Bought a potion of curing for 39 gold pieces
 46601 | Vaults:2 | Bought a scroll of enchant armour for 97 gold pieces
 47348 | Vaults:2 | Found a staircase to the Crypt.
 48692 | Vaults:2 | Reached skill level 15 in Short Blades
 48692 | Vaults:2 | Reached skill level 15 in Long Blades
 48692 | Vaults:2 | Reached skill level 15 in Maces & Flails
 48692 | Vaults:2 | Reached skill level 15 in Polearms
 48692 | Vaults:2 | Reached skill level 15 in Staves
 48692 | Vaults:2 | Reached skill level 15 in Ranged Weapons
 48692 | Vaults:2 | Reached skill level 15 in Throwing
 48692 | Vaults:2 | Reached skill level 15 in Dodging
 48692 | Vaults:2 | Reached skill level 15 in Stealth
 48692 | Vaults:2 | Reached skill level 15 in Unarmed Combat
 48692 | Vaults:2 | Reached skill level 15 in Spellcasting
 48692 | Vaults:2 | Reached skill level 15 in Evocations
 48866 | Vaults:2 | Received a gift from Nemelex Xobeh
 49627 | Vaults:3 | Noticed Norris
 49639 | Vaults:3 | Killed Norris
 49770 | Vaults:3 | Found a magical portal.
 49783 | Vaults:3 | Received a gift from Nemelex Xobeh
 49912 | Vaults:3 | Found a flickering gateway to a bazaar.
 49921 | Bazaar   | Entered a bazaar
 49921 | Bazaar   | Found Xuadec's Antique Weapon Shop.
 49926 | Bazaar   | Found Goiclenk's Antique Weapon Shoppe.
 49936 | Bazaar   | Found Gikaku's Armour Emporium.
 49965 | Bazaar   | Found Zuarhia's Weapon Shop.
 49973 | Bazaar   | Found Gippex's Antique Weapon Boutique.
 49982 | Bazaar   | Bought a fine war axe for 195 gold pieces
 49982 | Bazaar   | Identified the +1 war axe of Purpose {freeze, rC+ Str+5
                  | Stlth+} (You bought it in a shop in a bazaar)
 50063 | WizLab   | Entered The Chambers of the Cloud Mage
 50117 | WizLab   | Reached XP level 23. HP: 114/185 MP: 42/42
 50281 | WizLab   | Paralysed by an air elemental for 1 turns
 50292 | WizLab   | Paralysed by an air elemental for 1 turns
 50296 | WizLab   | Paralysed by an air elemental for 1 turns
 51018 | WizLab   | Paralysed by an air elemental for 1 turns
 51051 | WizLab   | Learned a level 6 spell: Dispersal
 52455 | Vaults:4 | Received a gift from Nemelex Xobeh
 53010 | Vaults:4 | Noticed Bai Suzhen
 53204 | Vaults:4 | Identified the +0 long sword "Ynes" {freeze, Int+4}
 53214 | Vaults:4 | Killed Bai Suzhen
 53232 | Vaults:4 | Found the +5 glaive of the Guard {elec, spectral}
 53625 | Vaults:4 | Received a gift from Nemelex Xobeh
 53909 | Vaults:4 | Found a portal to a secret trove of treasure.
 54960 | Elf:3    | Identified the of Meonk
 54960 | Elf:3    | Entered Level 3 of the Elven Halls
 55073 | Elf:3    | Received a gift from Nemelex Xobeh
 55224 | Elf:3    | Noticed Asterion
 55237 | Elf:3    | Killed Asterion
 56051 | Elf:3    | Identified the +6 short sword "Plog" {freeze, rF- rC+
                  | Dex+4}
 56072 | Elf:3    | Noticed Zenata
 56078 | Elf:3    | Identified the +8 whip of the Glowing Gods {heavy, Dex+3}
 56079 | Elf:3    | Received a gift from Nemelex Xobeh
 56079 | Elf:3    | Identified the +6 war axe of False Accusations {heavy,
                  | Contam rElec rPois rC-}
 56079 | Elf:3    | Identified the ring of the Sky {+Blink rC+ rN+}
 56372 | Elf:3    | Identified the ring of Togoigets {rElec rPois AC+4 Slay+3}
 56419 | Elf:3    | Reached XP level 24. HP: 148/195 MP: 42/42
 56463 | Elf:3    | Killed Zenata
 56658 | Elf:3    | Identified the blade talisman of Wukkimpo {rN+ Int+5}
 57025 | Elf:3    | Identified the serpent talisman of Charity {+Blink Str+3}
 57495 | Slime:1  | Entered Level 1 of the Pits of Slime
 57745 | Slime:2  | Paralysed by a formless jellyfish for 1 turns
 57756 | Slime:2  | Gained mutation: You are occasionally teleported next to
                  | monsters. [a shining eye]
 57757 | Slime:2  | Gained mutation: You are vulnerable to heat. (rF-) [a
                  | shining eye]
 57872 | Slime:1  | Gained mutation: You are clumsy. (Dex -2) [a shining eye]
 57873 | Slime:1  | Gained mutation: You are vulnerable to cold. (rC-) [a
                  | shining eye]
 57876 | Slime:1  | Gained mutation: You are very clumsy. (Dex -4) [a shining
                  | eye]
 58245 | Slime:1  | Reached skill level 15 in Shapeshifting
 58529 | Slime:2  | Gained mutation: Your body sometimes deteriorates upon
                  | taking damage. [a shining eye]
 58859 | Slime:2  | Lost mutation: You are vulnerable to heat. (rF-) [potion of
                  | mutation]
 58859 | Slime:2  | Lost mutation: You are very clumsy. (Dex -4) [potion of
                  | mutation]
 58859 | Slime:2  | Lost mutation: Your body sometimes deteriorates upon taking
                  | damage. [potion of mutation]
 58859 | Slime:2  | Gained mutation: You are strong-willed. (Will+) [potion of
                  | mutation]
 58860 | Slime:2  | Lost mutation: You are vulnerable to cold. (rC-) [potion of
                  | mutation]
 58860 | Slime:2  | Lost mutation: You are clumsy. (Dex -2) [potion of
                  | mutation]
 58860 | Slime:2  | Lost mutation: You are strong-willed. (Will+) [potion of
                  | mutation]
 58860 | Slime:2  | Gained mutation: You have an increased reservoir of magic.
                  | (+10% MP) [potion of mutation]
 58860 | Slime:2  | Gained mutation: Your system is resistant to poisons.
                  | (rPois) [potion of mutation]
 58861 | Slime:2  | Lost mutation: Your system is resistant to poisons. (rPois)
                  | [potion of mutation]
 58861 | Slime:2  | Lost mutation: You have an increased reservoir of magic.
                  | (+10% MP) [potion of mutation]
 58861 | Slime:2  | Gained mutation: You are strong-willed. (Will+) [potion of
                  | mutation]
 58861 | Slime:2  | Gained mutation: You are agile. (Dex +4, Str/Int -1)
                  | [potion of mutation]
 58861 | Slime:2  | Gained mutation: You occasionally lose the ability to read
                  | scrolls when taking damage. [potion of mutation]
 58862 | Slime:2  | Lost mutation: You are agile. (Dex +4, Str/Int -1) [potion
                  | of mutation]
 58862 | Slime:2  | Lost mutation: You are strong-willed. (Will+) [potion of
                  | mutation]
 58862 | Slime:2  | Gained mutation: You are robust. (+10% HP) [potion of
                  | mutation]
 58862 | Slime:2  | Gained mutation: You occasionally shout uncontrollably at
                  | your foes. [potion of mutation]
 58863 | Slime:2  | Lost mutation: You are occasionally teleported next to
                  | monsters. [potion of mutation]
 58863 | Slime:2  | Lost mutation: You occasionally shout uncontrollably at
                  | your foes. [potion of mutation]
 58863 | Slime:2  | Lost mutation: You are robust. (+10% HP) [potion of
                  | mutation]
 58863 | Slime:2  | Gained mutation: You sometimes lose the ability to read
                  | scrolls when taking damage. [potion of mutation]
 58863 | Slime:2  | Gained mutation: You possess an exceptional clarity of
                  | mind. [potion of mutation]
 59131 | Slime:4  | Received a gift from Nemelex Xobeh
 59155 | Slime:4  | Gained mutation: You are clumsy. (Dex -2) [a shining eye]
 59329 | Slime:4  | Gained mutation: You have hidden genetic defects. [a
                  | shining eye]
 59347 | Slime:5  | Identified the "Uchiv"
 59347 | Slime:5  | Identified the "Cinteo Xeisk"
 59347 | Slime:5  | Entered Level 5 of the Pits of Slime
 59408 | Slime:5  | Noticed the Royal Jelly
 59425 | Slime:5  | Found a viscous altar of Jiyva.
 59428 | Slime:5  | Found the +9 scales of the Dragon King {rPois rF+ rC+
                  | Will+}
 59431 | Slime:5  | Found the +6 arbalest "Damnation" {damnation}
 59683 | Slime:5  | Received a gift from Nemelex Xobeh
 59842 | Slime:4  | Gained mutation: You are dopey. (Int -2) [hidden defects]
 59957 | Slime:5  | Identified the +0 long sword of Compound Interest {freeze,
                  | Will+ Dex+7}
 59966 | Slime:5  | Killed the Royal Jelly
 59967 | Slime:5  | Reached XP level 25. HP: 136/203 MP: 43/43
 60295 | Slime:5  | Got a slimy rune of Zot
 60296 | Slime:5  | Identified the ring "Juixiene" {rElec rF+ rC+ Int-5 Dex+5}
 60311 | Slime:5  | Identified the ring of Wonder {rC+ Str+4 Int+6 Dex-3}
 60384 | Slime:5  | Identified the +6 broad axe of Hard Scrabble {flame, *Slow
                  | +Blink Int+5 SInv}
 60398 | Slime:5  | Identified the +9 orcbow of Dishonesty {flame, rElec Int+2}
 60494 | Slime:5  | Received a gift from Nemelex Xobeh
 60917 | Orc:2    | Bought a potion of curing for 45 gold pieces
 60917 | Orc:2    | Bought 2 potions of mutation for 240 gold pieces
 60917 | Orc:2    | Bought a potion of curing for 45 gold pieces
 61098 | Depths:1 | Entered Level 1 of the Depths
 61137 | Depths:1 | Found Guipu's Distillery.
 61139 | Depths:1 | Found Woachea's Weapon Emporium.
 61141 | Depths:1 | Found Cenubaet's Magic Scroll Shoppe.
 61145 | Depths:1 | Bought 2 potions of mutation for 192 gold pieces
 61145 | Depths:1 | Bought a potion of might for 48 gold pieces
 61145 | Depths:1 | Bought a potion of curing for 36 gold pieces
 61145 | Depths:1 | Bought a potion of heal wounds for 60 gold pieces
 61145 | Depths:1 | Bought a potion of might for 48 gold pieces
 61145 | Depths:1 | Bought a potion of curing for 36 gold pieces
 61145 | Depths:1 | Bought a potion of haste for 120 gold pieces
 61149 | Depths:1 | Bought a scroll of fear for 68 gold pieces
 61149 | Depths:1 | Bought a scroll of fog for 68 gold pieces
 61149 | Depths:1 | Bought a scroll of blinking for 127 gold pieces
 61149 | Depths:1 | Bought a scroll of fog for 68 gold pieces
 61178 | Depths:1 | Found Qorat's Assorted Antiques.
 61184 | Depths:1 | Bought a potion of curing for 93 gold pieces
 61184 | Depths:1 | Bought 2 potions of curing for 186 gold pieces
 61184 | Depths:1 | Bought a potion of curing for 93 gold pieces
 61184 | Depths:1 | Bought a potion of heal wounds for 155 gold pieces
 61269 | Depths:1 | Found a gateway to Hell.
 61620 | Depths:1 | Received a gift from Nemelex Xobeh
 61874 | Depths:1 | Gained mutation: Your magical capacity is low. (-10% MP)
                  | [hidden defects]
 61874 | Depths:1 | Lost mutation: You have hidden genetic defects. [hidden
                  | defects expressed]
 62095 | Depths:1 | Reached skill level 15 in Conjurations
 62385 | Depths:2 | Found a one-way gate leading to the halls of Pandemonium.
 63110 | Depths:2 | Received a gift from Nemelex Xobeh
 64601 | Depths:2 | Identified the +0 falchion of Ascent {speed, +Blink rPois
                  | SInv}
 65681 | Depths:3 | Found a shadowy altar of Dithmenos.
 65947 | Depths:3 | Found a blossoming altar of Fedhas.
 66310 | Depths:3 | Reached XP level 26. HP: 194/212 MP: 39/39
 66428 | Depths:3 | Received a gift from Nemelex Xobeh
 66448 | Depths:3 | Noticed Frederick
 66458 | Depths:3 | Killed Frederick
 66507 | Depths:3 | Found a runed translucent door.
 66507 | Depths:3 | Noticed a juggernaut
 66508 | Depths:3 | Found a runed translucent door.
 66509 | Depths:3 | Found a runed translucent door.
 66726 | Depths:3 | Killed a juggernaut
 67090 | Depths:3 | Identified the +0 plate armour "Guyrou" {rC- Str+5 Int+4}
 67093 | Depths:3 | Identified the +9 rapier of the Endless March {drain,
                  | Dex+4}
 67254 | Depths:4 | Entered Level 4 of the Depths
 67446 | Depths:4 | Found a one-way gateway to a ziggurat.
 67841 | Depths:4 | Reached skill level 15 in Hexes
 67841 | Depths:4 | Reached skill level 15 in Summonings
 67841 | Depths:4 | Reached skill level 15 in Necromancy
 67841 | Depths:4 | Reached skill level 15 in Translocations
 67841 | Depths:4 | Reached skill level 15 in Transmutations
 67841 | Depths:4 | Reached skill level 15 in Fire Magic
 67841 | Depths:4 | Reached skill level 15 in Ice Magic
 67841 | Depths:4 | Reached skill level 15 in Air Magic
 67841 | Depths:4 | Reached skill level 15 in Earth Magic
 67841 | Depths:4 | Reached skill level 15 in Poison Magic
 68173 | Depths:4 | Received a gift from Nemelex Xobeh
 68199 | Depths:4 | Noticed a juggernaut
 68207 | Depths:4 | Killed a juggernaut
 68287 | Depths:4 | Noticed Vv
 68305 | Depths:4 | Killed Vv
 69063 | Depths:4 | Found a gate to the Realm of Zot.
 69683 | Zot:1    | Entered Level 1 of the Realm of Zot
 70495 | Zot:1    | Found a runed translucent gate.
 70496 | Zot:1    | Found a runed translucent gate.
 70496 | Zot:1    | Noticed Zeaxzic Paph's ghost (veteran OgBe)
 70497 | Zot:1    | Found a runed translucent gate.
 70498 | Zot:1    | Noticed Persephone's ghost (veteran TrSh)
 70498 | Zot:1    | Noticed Covvyleb's ghost (veteran DrIE)
 71046 | Zot:1    | Killed Zeaxzic Paph's ghost
 71047 | Zot:1    | Reached XP level 27. HP: 141/219 MP: 40/40
 71051 | Zot:1    | Killed Persephone's ghost
 71055 | Zot:1    | Killed Covvyleb's ghost
 71062 | Zot:1    | Identified the +2 pair of boots "Toegyel" {rElec Will+
                  | Str+3 Int+2}
 72581 | Zot:3    | Received a gift from Nemelex Xobeh
 74787 | Zot:5    | Entered Level 5 of the Realm of Zot
 75127 | Zot:4    | Received a gift from Nemelex Xobeh
 75858 | Zot:5    | Received a gift from Nemelex Xobeh
 76550 | Zot:5    | Noticed an orb of fire
 76554 | Zot:5    | Noticed an orb of fire
 76558 | Zot:5    | Gained mutation: You are very weak. (Str -4) [an orb of
                  | fire]
 76558 | Zot:5    | Noticed an orb of fire
 76559 | Zot:5    | Killed an orb of fire
 76566 | Zot:5    | Killed an orb of fire
 76569 | Zot:5    | Killed an orb of fire
 76570 | Zot:5    | Noticed an orb of fire
 76575 | Zot:5    | Noticed an ancient lich
 76580 | Zot:5    | Killed an orb of fire
 76940 | Zot:4    | Lost mutation: You possess an exceptional clarity of mind.
                  | [potion of mutation]
 76940 | Zot:4    | Lost mutation: Your magical capacity is low. (-10% MP)
                  | [potion of mutation]
 76940 | Zot:4    | Lost mutation: You sometimes lose the ability to read
                  | scrolls when taking damage. [potion of mutation]
 76940 | Zot:4    | Gained mutation: You are frail. (-10% HP) [potion of
                  | mutation]
 76940 | Zot:4    | Gained mutation: You have hidden genetic potential. [potion
                  | of mutation]
 76941 | Zot:4    | Lost mutation: You are very weak. (Str -4) [potion of
                  | mutation]
 76941 | Zot:4    | Lost mutation: You occasionally lose the ability to read
                  | scrolls when taking damage. [potion of mutation]
 76941 | Zot:4    | Lost mutation: You are dopey. (Int -2) [potion of mutation]
 76941 | Zot:4    | Gained mutation: You have an increased reservoir of magic.
                  | (+10% MP) [potion of mutation]
 76941 | Zot:4    | Gained mutation: You expend magic power (3 MP) to
                  | strengthen your wands. [potion of mutation]
 76962 | Zot:5    | Killed an ancient lich
 78209 | Zot:5    | Received a gift from Nemelex Xobeh
 78244 | Zot:5    | Noticed an ancient lich
 78251 | Zot:5    | Killed an ancient lich
 78553 | Zot:5    | Got the Orb of Zot
 78766 | Zot:1    | Noticed a seraph
 79123 | D:8      | Noticed Aphiwuv the pandemonium lord
 79137 | D:8      | Killed Aphiwuv the pandemonium lord
 79441 | D:$      | Escaped with the Orb!

Illustrated notes

Levels and vault maps discovered:
D:1:      roderic_crossed_star, layout_basic
D:2:      cheibrodos_greedy_goblins, layout_rooms,
          shapermc_ecumenical_altar_mp_urbaneastern
D:3:      layout_basic, gup_sewer_entry_bowl, minmay_pentangle
D:4:      layout_cave_pools, gammafunk_temple_overflow_claw, serial_shops, shop
D:5:      minmay_general_purpose_star, layout_layer_cave, uniq_ijyb,
          uniq_blork_the_orc
D:6:      minmay_razor_zed, layout_basic, kennysheep_mini,
          ebering_ghost_disaster_area, minmay_fractal_squares_diagonal_5,
          uniq_sigmund, uniq_maggie, uniq_duvessa
D:7:      layout_cave_pools, minmay_temple_entry_trees, serial_column_ruins,
          column_ruins_circle_small, column_ruins_hut_water,
          column_ruins_open_small, column_ruins_corridor_straight,
          column_ruins_open_medium_water, column_ruins_grid_4,
          column_ruins_corridor_straight, column_ruins_open_medium,
          minmay_microvault
D:8:      layout_basic, minitemple, erik_lair_orcish_takeover, uniq_maurice,
          uniq_joseph, uniq_jeremiah
D:9:      layout_basic
D:10:     layout_loops_ring, nicolae_gozag_zags_fifth_avenue
D:11:     layout_rooms, david_orc_4, minmay_misc_feat_hallway
D:12:     layout_cross, eino_house_with_fridge
D:13:     layout_rooms, grunt_vaults_entry_fortified
D:14:     layout_loops_corners, nicolae_uskayaw_murder_on_the_dancefloor
D:15:     grunt_enter_depths_snipers, layout_basic, kennysheep_doodads,
          serial_rivers, chequers_serial_rivers_micro_c,
          chequers_serial_rivers_marsh, chequers_serial_rivers_small_b,
          chequers_serial_rivers_room_a, uniq_josephine
Temple:   oiseaux_autumnal_temple
Lair:1:   layout_loops_ring, st_stairs_7, grunt_megastairs_1
Lair:2:   layout_regular_city, nicolae_spider_entry_non_spiders, uniq_amaemon
Lair:3:   layout_big_grid, minmay_shoals_entry_hut, portal_ice_cave_entry_imps,
          uniq_fannar
Lair:4:   layout_cave_pods, slime_entry_1
Lair:5:   minmay_lair_end_frog_pond, layout_loops_ring,
          lightli_volcano_entry_magma_tube, pdpol_lair_neglected_garden,
          st_stairs_3, serial_bayou_shore_b
Shoals:1: layout_shoals, wheals_shoals_ruined_temple
Shoals:2: layout_shoals
Shoals:3: layout_shoals
Shoals:4: shoals_end_grunt_ice, layout_shoals, uniq_polyphemus
Spider:1: layout_spider_delve, uniq_donald
Spider:2: layout_spider_delve, hellmonk_deceptive_appearances
Spider:3: layout_spider_delve
Spider:4: spider_rune_water, nicolae_spider_acid_house, uniq_arachne
Slime:1:  layout_caves
Slime:2:  layout_caves, nicolae_slime_crime_time
Slime:3:  layout_caves
Slime:4:  layout_caves
Slime:5:  slime_pit_nicolae_royal_road_to_ruin
Orc:1:    cheibrodos_orc_bank, layout_caves, david_defended_altar_orc,
          uniq_snorg
Orc:2:    grunt_orc_gardens, layout_caves, grunt_orc_garden, grunt_orc_garden,
          grunt_orc_garden, grunt_orc_garden, serial_shops, shop,
          hellmonk_ghost_happy_afterlife, nooodl_orcs_dogs
Elf:1:    layout_geoelf_grid, gammafunk_ghost_grave, serial_shops, shop,
          basic_altar, orc_legates, uniq_jorgrun, uniq_louise, uniq_nikola
Elf:2:    elven_hall_of_blades_hangedman_original
          [nicolae_blade_entry_antechamber], layout_gridlike
Elf:3:    nooodl_elf_gasket, layout_geoelf_diagonals,
          serial_sigils_hangedman_quiver, columned_hall_lemuel, uniq_asterion,
          uniq_zenata
Vaults:1: gammafunk_ghost_abyssal_escape, nicolae_vaults_wine_cellar,
          grunt_vaults_funnel, vaults_dpeg_doors,
          nicolae_vaults_little_squares_4, v_misc_22,
          nicolae_vaults_taking_the_gang_shopping, nicolae_vaults_tetromino_T_1,
          v_rooms_3, vaults_room_door_ring, nicolae_vaults_double_plus_1,
          nicolae_vaults_double_plus_1, layout_vaults_omnigrid
Vaults:2: v_misc_31, grunt_vaults_swirl, st_octagons_2, v_pattern_2,
          nicolae_vaults_little_squares_3, hangedman_vaults_stream,
          vaults_mumra_minichess, v_rooms_2, nicolae_vaults_theta,
          nicolae_vaults_rhombus_5, v_misc_15, vaults_dpeg_diagonal,
          layout_vaults_ring, minmay_crypt_entry_skeletal_spiral, serial_shops,
          nicolae_shop_temple_entry_statues_fountains
Vaults:3: infiniplex_enter_wizlab_water, nicolae_vaults_network_quinsquares
          [nicolae_vaults_network_quincunx_subvault,
          nicolae_vaults_network_quincunx_subvault,
          nicolae_vaults_network_quincunx_subvault,
          nicolae_vaults_network_quincunx_subvault], serial_ice_m,
          nicolae_vaults_trapezoid_1, v_pattern_1,
          nicolae_vaults_oval_intersection, nicolae_vaults_little_squares_4,
          vaults_room_fours, grunt_vaults_diagonal,
          nicolae_vaults_offset_grid_hallway_3, nicolae_vaults_diamond_1,
          nicolae_vaults_cochlea, nicolae_vaults_triangles, v_alt_pattern_5,
          layout_vaults_omnibox, serial_shops, bzr_entry_lakeside, uniq_norris
Vaults:4: ontoclasm_vaults_chip, minmay_guarded_unrand_guard_vaults,
          grunt_vaults_hallway_short, v_rooms_4,
          nicolae_vaults_little_squares_6, v_rooms_5,
          hangedman_vaults_stretched_pinwheel, layout_vaults_chaotic_city,
          nicolae_trove_entry_crystal, uniq_bai_suzhen
Depths:1: layout_gridlike, serial_shops, kennysheep_little_box, hell_entry,
          minmay_gold_behind_fungi, nicolae_figureground_pulse, minmay_shop_star
Depths:2: little_maze_vault, layout_basic, grunt_metal_band, pan_entry,
          nicolae_zig_zag_zippers, infiniplex_staircase_zigzag_3
Depths:3: minmay_the_grid_triangle_9x9_recursive_3
          [minmay_the_grid_triangle_9x9_fully_insulated_deathbox,
          minmay_the_grid_triangle_9x9_flanged_cone,
          minmay_the_grid_triangle_9x9_limited_checkers,
          minmay_the_grid_triangle_9x9_prize_insulated,
          minmay_the_grid_triangle_9x9_cache,
          minmay_the_grid_triangle_9x9_semitri,
          minmay_the_grid_triangle_9x9_stretched_checkered,
          minmay_the_grid_triangle_9x9_alien,
          minmay_the_grid_triangle_9x9_shrine], layout_cave_pools,
          nicolae_dithmenos_through_a_glass_darkly, hell_entry, abyss_entry,
          uniq_frederick
Depths:4: grunt_runaround [grunt_runaround_doors_1, grunt_runaround_doors_2,
          grunt_runaround_doors_3, grunt_runaround_doors_4,
          grunt_runaround_zot], hell_entry, abyss_entry, pan_entry, uniq_vv
Zot:1:    layout_concentric_octagons, gammafunk_ghost_cemetery,
          amethyst_zot_foddershock
Zot:2:    layout_basic, regret_index_zotdec_onion_hex
Zot:3:    cheibrodos_zot_enchanting_chambers, layout_onion_interference
Zot:4:    layout_cellular_growth, regret_index_zotdec_obsidian_hm,
          grunt_megastairs_5
Zot:5:    layout_gridlike, grunt_ministairs_8

Skill      XL: |  1  2  3  4  5  6  7  8  9 10 11 12 13 14 15 16 17 18 19 20 21 22 23 24 25 26 27 |
---------------+----------------------------------------------------------------------------------+-----
Invocations    | 1 2 3 4 5 6 7 8 9 10 11 12 13 14 15 16 17 18 19 20 | 20.7
Short Blades   | 1 2 3 4 6 8 9 10 11 12 13 14 15 16 17 18 19 | 19.2
Long Blades    | 1 2 3 4 6 8 9 10 11 12 13 14 15 16 17 18 19 | 19.2
Maces & Flails | 1 2 3 4 6 8 9 10 11 12 13 14 15 16 17 18 19 | 19.2
Polearms       | 1 2 3 4 6 8 9 10 11 12 13 14 15 16 17 18 19 | 19.2
Staves         | 1 2 3 4 6 8 9 10 11 12 13 14 15 16 17 18 19 | 19.2
Ranged Weapons | 1 2 3 4 6 8 9 10 11 12 13 14 15 16 17 18 19 | 19.2
Throwing       | 1 2 3 4 6 8 9 10 11 12 13 14 15 16 17 18 19 | 19.2
Dodging        | 1 2 3 4 6 8 9 10 11 12 13 14 15 16 17 18 19 | 19.2
Stealth        | 1 2 3 4 6 8 9 10 11 12 13 14 15 16 17 18 20 | 20.3
Unarmed Combat | 1 2 3 4 6 8 9 10 11 12 13 14 15 16 17 18 19 | 19.2
Spellcasting   | 1 2 3 4 6 8 9 10 11 12 13 14 15 16 17 18 19 | 19.2
Evocations     | 1 2 3 4 6 8 9 10 11 12 13 14 15 16 17 18 19 | 19.2
Shapeshifting  | 1 2 3 4 5 6 7 8 9 10 11 12 13 14 15 16 17 | 17.7
Conjurations   | 1 2 3 4 5 6 7 8 9 10 11 12 13 14 15 16 18 | 18.6
Hexes          | 1 2 3 4 5 6 7 8 9 10 11 12 13 14 15 16 | 16.3
Summonings     | 1 2 3 4 5 6 7 8 9 10 11 12 13 14 15 16 | 16.3
Necromancy     | 1 2 3 4 5 6 7 8 9 10 11 12 13 14 15 16 | 16.3
Translocations | 1 2 3 4 5 6 7 8 9 10 11 12 13 14 15 16 | 16.3
Transmutations | 1 2 3 4 5 6 7 8 9 10 11 12 13 14 15 16 | 16.3
Fire Magic     | 1 2 3 4 5 6 7 8 9 10 11 12 13 14 15 16 | 16.3
Ice Magic      | 1 2 3 4 5 6 7 8 9 10 11 12 13 14 15 16 | 16.3
Air Magic      | 1 2 3 4 5 6 7 8 9 10 11 12 13 14 15 16 | 16.3
Earth Magic    | 1 2 3 4 5 6 7 8 9 10 11 12 13 14 15 16 | 16.3
Poison Magic   | 1 2 3 4 5 6 7 8 9 10 11 12 13 14 15 16 | 16.3
Axes           | 5 6 7 8 9 10 11 12 13 14 15 16 17 18 19 | 19.6
Fighting       | 7 8 9 10 11 12 13 14 15 16 17 18 19 20 | 20.1
Armour         | 7 8 9 10 11 12 13 14 15 16 17 18 19 20 | 20.1
Shields        | 7 8 9 10 11 12 13 14 15 16 17 18 19 20 | 20.1

Action                     |  1- 3 |  4- 6 |  7- 9 | 10-12 | 13-15 | 16-18 | 19-21 | 22-24 | 25-27 || total
---------------------------+-------+-------+-------+-------+-------+-------+-------+-------+-------++-------
  Melee: War axe           |    39 |     9 |   109 |   307 |   687 |   866 |   690 |   694 |       ||  3401
         Bite              |    18 |    34 |    14 |    50 |   138 |   156 |   136 |   226 |   338 ||  1110
         Dagger            |    83 |   248 |       |       |       |       |       |       |       ||   331
         Broad axe         |       |       |       |       |       |       |       |   373 |  1462 ||  1835
  Throw: Stone             |       |       |       |       |     4 |       |       |       |       ||     4
         Dart              |       |       |       |       |       |       |       |       |     4 ||     4
   Cast: Cause Fear        |       |       |       |       |       |       |       |     4 |       ||     4
 Invoke: Draw Destruction  |       |       |       |       |     9 |     1 |     5 |     9 |     9 ||    33
         Draw Summoning    |       |       |       |       |     6 |     4 |     2 |    12 |     2 ||    26
         Deal Four         |       |       |       |       |     3 |     5 |     5 |     2 |     3 ||    18
         Triple Draw       |       |       |       |       |     1 |       |     1 |       |       ||     2
         Draw Escape       |       |       |       |       |     3 |       |       |       |       ||     3
  Evoke: Wand              |       |       |       |       |       |     3 |     1 |     1 |     5 ||    10
    Use: Potion            |       |     1 |       |       |     3 |       |     4 |     7 |     6 ||    21
         Scroll            |       |       |     4 |     5 |     9 |    13 |     5 |    21 |     5 ||    62
   Stab: Distracted        |       |       |     3 |     5 |    21 |    21 |    37 |    50 |    42 ||   179
         Sleeping          |       |       |       |     1 |     6 |    30 |    18 |    34 |       ||    89
         Petrified         |       |       |       |       |       |       |     9 |     1 |       ||    10
         Petrifying        |       |       |       |       |       |       |       |     1 |       ||     1
         Fleeing           |       |       |       |       |       |       |       |     1 |       ||     1
         Paralysed         |       |       |       |       |       |       |       |       |     1 ||     1
 Armour: Scale mail        |    92 |   148 |    18 |   140 |   311 |   263 |   359 |   447 |     7 ||  1785
         Ring mail         |       |       |    28 |       |       |       |       |       |       ||    28
         Swamp dragon scal |       |       |     7 |    47 |       |   239 |       |       |       ||   293
         Plate armour      |       |       |       |       |    64 |       |       |       |       ||    64
         Skin              |       |       |       |       |     2 |       |       |       |       ||     2
         Gold dragon scale |       |       |       |       |       |       |       |       |   970 ||   970
  Dodge: Dodged            |    66 |   121 |    40 |   169 |   459 |   645 |   288 |   589 |   409 ||  2786
  Block: Buckler           |    23 |     2 |       |       |    64 |   424 |   333 |   540 |   720 ||  2106
         Reflection        |       |       |       |       |       |       |    39 |    42 |    16 ||    97

Table legend: (Time is in decaauts)
 A = Elapsed time spent in this place.
 B = Non-inter-level travel time spent in this place.
 C = Inter-level travel time spent in this place.
 D = Time resting spent in this place.
 E = Time spent auto-exploring this place.
 F = Levels seen in this place.
 G = Mean time per level.
                   A        B        C        D        E       F      G
               +--------+--------+--------+--------+--------+-----+--------+
         Total |  78782 |  73489 |   5293 |  11636 |  47528 |  57 | 1382.1 |
       Dungeon |  16809 |  15023 |   1786 |    772 |  11889 |  15 | 1120.6 |
        Temple |      1 |      1 |      0 |      0 |      0 |   1 |    1.0 |
          Lair |   7670 |   7188 |    482 |    745 |   5273 |   5 | 1534.0 |
        Shoals |   5860 |   5663 |    197 |   1126 |   3499 |   4 | 1465.0 |
   Spider Nest |   5079 |   4891 |    188 |    271 |   3565 |   4 | 1269.8 |
    Slime Pits |   3092 |   2946 |    146 |    742 |   1378 |   5 |  618.4 |
  Orcish Mines |   2674 |   2350 |    324 |    526 |   1459 |   2 | 1337.0 |
   Elven Halls |   6420 |   6131 |    289 |   1660 |   3115 |   3 | 2140.0 |
        Vaults |   9522 |   9062 |    460 |    665 |   6624 |   4 | 2380.5 |
        Depths |   8634 |   7845 |    789 |    848 |   5913 |   4 | 2158.5 |
           Zot |   8825 |   8196 |    629 |   2939 |   3325 |   5 | 1765.0 |
        Bazaar |     75 |     75 |      0 |      0 |      0 |   1 |   75.0 |
         Sewer |    665 |    665 |      0 |    130 |    225 |   1 |  665.0 |
      Ice Cave |   2004 |   2004 |      0 |    363 |   1253 |   1 | 2004.0 |
       Volcano |    402 |    402 |      0 |    139 |      0 |   1 |  402.0 |
        Wizlab |   1042 |   1042 |      0 |    709 |      7 |   1 | 1042.0 |
               +--------+--------+--------+--------+--------+-----+--------+

Top non-repeatable levels by time:
Vaults:2: 3110 daAuts
   Elf:1: 2691 daAuts
Depths:2: 2547 daAuts
   Zot:5: 2540 daAuts
Vaults:1: 2474 daAuts
Depths:4: 2454 daAuts
   Zot:1: 2249 daAuts
   Elf:3: 2071 daAuts
Vaults:3: 2059 daAuts
   IceCv: 2004 daAuts
Shoals:3: 1917 daAuts
  Lair:2: 1909 daAuts
Depths:3: 1907 daAuts
  Lair:4: 1883 daAuts
Vaults:4: 1878 daAuts

Levels and vault maps discovered:
D:1:      roderic_crossed_star, layout_basic
D:2:      cheibrodos_greedy_goblins, layout_rooms,
          shapermc_ecumenical_altar_mp_urbaneastern
D:3:      layout_basic, gup_sewer_entry_bowl, minmay_pentangle
D:4:      layout_cave_pools, gammafunk_temple_overflow_claw, serial_shops, shop
D:5:      minmay_general_purpose_star, layout_layer_cave, uniq_ijyb,
          uniq_blork_the_orc
D:6:      minmay_razor_zed, layout_basic, kennysheep_mini,
          ebering_ghost_disaster_area, minmay_fractal_squares_diagonal_5,
          uniq_sigmund, uniq_maggie, uniq_duvessa
D:7:      layout_cave_pools, minmay_temple_entry_trees, serial_column_ruins,
          column_ruins_circle_small, column_ruins_hut_water,
          column_ruins_open_small, column_ruins_corridor_straight,
          column_ruins_open_medium_water, column_ruins_grid_4,
          column_ruins_corridor_straight, column_ruins_open_medium,
          minmay_microvault
D:8:      layout_basic, minitemple, erik_lair_orcish_takeover, uniq_maurice,
          uniq_joseph, uniq_jeremiah
D:9:      layout_basic
D:10:     layout_loops_ring, nicolae_gozag_zags_fifth_avenue
D:11:     layout_rooms, david_orc_4, minmay_misc_feat_hallway
D:12:     layout_cross, eino_house_with_fridge
D:13:     layout_rooms, grunt_vaults_entry_fortified
D:14:     layout_loops_corners, nicolae_uskayaw_murder_on_the_dancefloor
D:15:     grunt_enter_depths_snipers, layout_basic, kennysheep_doodads,
          serial_rivers, chequers_serial_rivers_micro_c,
          chequers_serial_rivers_marsh, chequers_serial_rivers_small_b,
          chequers_serial_rivers_room_a, uniq_josephine
Temple:   oiseaux_autumnal_temple
Lair:1:   layout_loops_ring, st_stairs_7, grunt_megastairs_1
Lair:2:   layout_regular_city, nicolae_spider_entry_non_spiders, uniq_amaemon
Lair:3:   layout_big_grid, minmay_shoals_entry_hut, portal_ice_cave_entry_imps,
          uniq_fannar
Lair:4:   layout_cave_pods, slime_entry_1
Lair:5:   minmay_lair_end_frog_pond, layout_loops_ring,
          lightli_volcano_entry_magma_tube, pdpol_lair_neglected_garden,
          st_stairs_3, serial_bayou_shore_b
Shoals:1: layout_shoals, wheals_shoals_ruined_temple
Shoals:2: layout_shoals
Shoals:3: layout_shoals
Shoals:4: shoals_end_grunt_ice, layout_shoals, uniq_polyphemus
Spider:1: layout_spider_delve, uniq_donald
Spider:2: layout_spider_delve, hellmonk_deceptive_appearances
Spider:3: layout_spider_delve
Spider:4: spider_rune_water, nicolae_spider_acid_house, uniq_arachne
Slime:1:  layout_caves
Slime:2:  layout_caves, nicolae_slime_crime_time
Slime:3:  layout_caves
Slime:4:  layout_caves
Slime:5:  slime_pit_nicolae_royal_road_to_ruin
Orc:1:    cheibrodos_orc_bank, layout_caves, david_defended_altar_orc,
          uniq_snorg
Orc:2:    grunt_orc_gardens, layout_caves, grunt_orc_garden, grunt_orc_garden,
          grunt_orc_garden, grunt_orc_garden, serial_shops, shop,
          hellmonk_ghost_happy_afterlife, nooodl_orcs_dogs
Elf:1:    layout_geoelf_grid, gammafunk_ghost_grave, serial_shops, shop,
          basic_altar, orc_legates, uniq_jorgrun, uniq_louise, uniq_nikola
Elf:2:    elven_hall_of_blades_hangedman_original
          [nicolae_blade_entry_antechamber], layout_gridlike
Elf:3:    nooodl_elf_gasket, layout_geoelf_diagonals,
          serial_sigils_hangedman_quiver, columned_hall_lemuel, uniq_asterion,
          uniq_zenata
Vaults:1: gammafunk_ghost_abyssal_escape, nicolae_vaults_wine_cellar,
          grunt_vaults_funnel, vaults_dpeg_doors,
          nicolae_vaults_little_squares_4, v_misc_22,
          nicolae_vaults_taking_the_gang_shopping, nicolae_vaults_tetromino_T_1,
          v_rooms_3, vaults_room_door_ring, nicolae_vaults_double_plus_1,
          nicolae_vaults_double_plus_1, layout_vaults_omnigrid
Vaults:2: v_misc_31, grunt_vaults_swirl, st_octagons_2, v_pattern_2,
          nicolae_vaults_little_squares_3, hangedman_vaults_stream,
          vaults_mumra_minichess, v_rooms_2, nicolae_vaults_theta,
          nicolae_vaults_rhombus_5, v_misc_15, vaults_dpeg_diagonal,
          layout_vaults_ring, minmay_crypt_entry_skeletal_spiral, serial_shops,
          nicolae_shop_temple_entry_statues_fountains
Vaults:3: infiniplex_enter_wizlab_water, nicolae_vaults_network_quinsquares
          [nicolae_vaults_network_quincunx_subvault,
          nicolae_vaults_network_quincunx_subvault,
          nicolae_vaults_network_quincunx_subvault,
          nicolae_vaults_network_quincunx_subvault], serial_ice_m,
          nicolae_vaults_trapezoid_1, v_pattern_1,
          nicolae_vaults_oval_intersection, nicolae_vaults_little_squares_4,
          vaults_room_fours, grunt_vaults_diagonal,
          nicolae_vaults_offset_grid_hallway_3, nicolae_vaults_diamond_1,
          nicolae_vaults_cochlea, nicolae_vaults_triangles, v_alt_pattern_5,
          layout_vaults_omnibox, serial_shops, bzr_entry_lakeside, uniq_norris
Vaults:4: ontoclasm_vaults_chip, minmay_guarded_unrand_guard_vaults,
          grunt_vaults_hallway_short, v_rooms_4,
          nicolae_vaults_little_squares_6, v_rooms_5,
          hangedman_vaults_stretched_pinwheel, layout_vaults_chaotic_city,
          nicolae_trove_entry_crystal, uniq_bai_suzhen
Depths:1: layout_gridlike, serial_shops, kennysheep_little_box, hell_entry,
          minmay_gold_behind_fungi, nicolae_figureground_pulse, minmay_shop_star
Depths:2: little_maze_vault, layout_basic, grunt_metal_band, pan_entry,
          nicolae_zig_zag_zippers, infiniplex_staircase_zigzag_3
Depths:3: minmay_the_grid_triangle_9x9_recursive_3
          [minmay_the_grid_triangle_9x9_fully_insulated_deathbox,
          minmay_the_grid_triangle_9x9_flanged_cone,
          minmay_the_grid_triangle_9x9_limited_checkers,
          minmay_the_grid_triangle_9x9_prize_insulated,
          minmay_the_grid_triangle_9x9_cache,
          minmay_the_grid_triangle_9x9_semitri,
          minmay_the_grid_triangle_9x9_stretched_checkered,
          minmay_the_grid_triangle_9x9_alien,
          minmay_the_grid_triangle_9x9_shrine], layout_cave_pools,
          nicolae_dithmenos_through_a_glass_darkly, hell_entry, abyss_entry,
          uniq_frederick
Depths:4: grunt_runaround [grunt_runaround_doors_1, grunt_runaround_doors_2,
          grunt_runaround_doors_3, grunt_runaround_doors_4,
          grunt_runaround_zot], hell_entry, abyss_entry, pan_entry, uniq_vv
Zot:1:    layout_concentric_octagons, gammafunk_ghost_cemetery,
          amethyst_zot_foddershock
Zot:2:    layout_basic, regret_index_zotdec_onion_hex
Zot:3:    cheibrodos_zot_enchanting_chambers, layout_onion_interference
Zot:4:    layout_cellular_growth, regret_index_zotdec_obsidian_hm,
          grunt_megastairs_5
Zot:5:    layout_gridlike, grunt_ministairs_8
